 Dungeon Crawl Stone Soup version 0.27-a0-585-g945025970d (webtiles) character file.

Game seed: 9588960528387673754

2853 Garpagan the Cleaver (level 9, 0/79 HPs)
             Began as a Hill Orc Fighter on Mar 10, 2021.
             Was a Believer of Beogh.
             Slain by a two-headed ogre
             ... wielding a +0 giant spiked club
              (9 damage)
             ... on level 7 of the Dungeon.
             The game lasted 00:28:03 (9329 turns).

Garpagan the Cleaver (Hill Orc Fighter)             Turns: 9329, Time: 00:28:03

Health: 0/79       AC: 15    Str: 22    XL:     9   Next: 75%
Magic:  9/9        EV:  5    Int:  8    God:    Beogh [**....]
Gold:   369        SH: 15    Dex: 10    Spells: 8/8 levels left

rFire    . . .     SeeInvis .   a - +0 war axe
rCold    . . .     Faith    .   c - +0 kite shield
rNeg     . . .     Spirit   .   w - +0 plate armour
rPois    +         Reflect  +   p - +0 helmet
rElec    .         Harm     .   (no cloak)
rCorr    .         Rampage  .   (no gloves)
Will     .....                  (no boots)
Stlth    ..........             l - amulet of reflection
HPRegen  0.23/turn              u - ring of poison resistance
MPRegen  0.11/turn              e - +4 ring of slaying

@: mighty, berserk cooldown, slowed, very slow
A: no striking features
a: Renounce Religion, Smiting


You were on level 7 of the Dungeon.
You worshipped Beogh.
Beogh was pleased with you.
You visited 2 branches of the dungeon, and saw 9 of its levels.

You collected 369 gold pieces.

Inventory:

Hand Weapons
 a - a +0 war axe (weapon)
 m - a +1 vorpal mace
Armour
 c - a +0 kite shield (worn)
 p - a +0 helmet (worn)
 w - a +0 plate armour (worn)
Jewellery
 e - a +4 ring of slaying (right hand)
 l - an amulet of reflection (around neck)
 u - a ring of poison resistance (left hand)
Wands
 k - a wand of mindburst (19)
Scrolls
 b - a scroll of enchant weapon
 h - 2 scrolls of fog
 q - a scroll of teleportation
 r - 2 scrolls of amnesia
Potions
 d - a potion of might
 f - 2 potions of lignification {unknown}
 g - 3 potions of brilliance
 j - 2 potions of curing
 o - a potion of attraction {unknown}
 t - a potion of berserk rage
 x - a potion of flight {unknown}
 z - a potion of resistance {unknown}


   Skills:
 + Level 7.2 Fighting
 + Level 11.1 Axes
 + Level 8.3 Armour
 + Level 2.0 Dodging
 + Level 0.2 Stealth
 + Level 5.6 Shields


You had 8 spell levels left.
You didn't know any spells.
Your spell library contained the following spells:

 Spells                   Type           Power      Damage    Failure   Level
 Animate Skeleton         Necr           0%         N/A       100%        1
 Corona                   Hex            0%         N/A       100%        1
 Pain                     Necr           0%         1d4       100%        1
 Ensorcelled Hibernation  Hex/Ice        0%         N/A       100%        2
 Confusing Touch          Hex            0%         N/A       100%        3
 Dazzling Flash           Conj/Hex       0%         N/A       100%        3
 Tukima's Dance           Hex            0%         N/A       100%        3
 Vampiric Draining        Necr           0%         2d6       100%        3
 Animate Dead             Necr           0%         N/A       100%        4
 Agony                    Necr           0%         N/A       100%        5


Dungeon Overview and Level Annotations

Branches:
Dungeon (8/15)             Temple (1/1) D:4
   Lair: D:8-11

Altars:
Ashenzari
Cheibriados
Dithmenos
Elyvilon
Gozag
Hepliaklqana
Kikubaaqudgha
Makhleb
Nemelex Xobeh
Okawaru
Qazlal
Ru
Sif Muna
Trog
Uskayaw
Vehumet
Wu Jian
Xom
Yredelemnul
Zin
The Shining One

Shops:
D:5 (


Message History

You start resting.
HP restored.
There is a stone staircase leading down here.
You climb downwards.
You block the two-headed ogre's attack.
The two-headed ogre hits you with a +0 giant spiked club!!
You block the iguana's attack. The iguana bites you.
You block the two-headed ogre's attack.
The two-headed ogre hits you with a +0 giant spiked club!
There is a stone staircase leading up, spattered with blood here.
The iguana bites you!
You climb upwards.
There is a stone staircase leading down here.
The two-headed ogre hits you with a +0 giant spiked club.
You block the two-headed ogre's attack. You block the two-headed ogre's attack.
The two-headed ogre hits you with a +0 giant spiked club.
You are too injured to fight recklessly!
You slash the iguana!
The iguana is almost dead.
You feel much better.
The two-headed ogre hits you with a +0 giant spiked club!
The two-headed ogre hits you with a +0 giant spiked club!!
* * * LOW HITPOINT WARNING * * *
Blink to where?
Press: ? - help, Dir - move target
As you read the scroll of blinking, it crumbles to dust.
You feel very mighty all of a sudden.
A red film seems to cover your vision as you go berserk!
You feel yourself moving faster!
You feel mighty!
You feel a strong urge to attack something.
You feel your anger nearly subside.
You are no longer berserk.
You are exhausted.
You feel yourself slow down.
You're still recovering from your berserk rage.
You slash the two-headed ogre!
The two-headed ogre is lightly wounded.
The two-headed ogre hits you with a +0 giant spiked club!
* * * LOW HITPOINT WARNING * * *
The two-headed ogre hits you with a +0 giant spiked club!
You die...

.........##.#.#..##.#..#####.##.#
.........##...#..##..#.......##.#
.........)....#..###......####?..
..##...#.##..............## #...
########.............#...#####...
########.............#...##......
................[........##..>...
........#................#.......
................@.(.#....#...#...
........###...##O...#.....)......
........# ##.#...l.........#.#...
...#########...###........##.#...
##.#...##....###......##..##.....
≈#......#.#.####.##..............
≈'........#.##......##..#........
≈'........#.##...##.##..#......<.
≈#........#.##.####l....#........


You could see a two-headed ogre and an iguana.

Vanquished Creatures
  Grinder (D:4)
  Menkaure (D:6)
  Duvessa (D:5)
  An orc warrior (D:6)
  A sky beast (D:5)
  2 black bears (D:6)
  6 ogres
  A phantom (D:4)
  2 centaurs (D:6)
  Blork the orc (D:6)
  3 bullfrogs
  Dowan (D:5)
  2 scorpions (D:7)
  3 jellies
  A howler monkey (D:4)
  A bullfrog zombie (D:8)
  4 orc priests
  3 hounds
  2 iguanas
  5 orc wizards
  A worker ant (D:4)
  A hound zombie (D:6)
  Robin (D:3)
  8 gnolls
  12 adders
  An ufetubus (D:8)
  A worm (D:3)
  4 leopard geckos (D:1)
  23 orcs
  6 giant cockroaches
  19 goblins
  11 hobgoblins
  13 jackals
  5 quokkas
  3 ball pythons
  6 bats
  2 frilled lizards
  2 giant cockroach zombies
  9 kobolds
  5 rats
175 creatures vanquished.

Notes
Turn   | Place    | Note
-------+----------+-------------------------------------------
     0 | D:1      | Garpagan the Hill Orc Fighter began the quest for the Orb.
     0 | D:1      | Reached XP level 1. HP: 19/19 MP: 1/1
    82 | D:1      | Reached XP level 2. HP: 26/27 MP: 2/2
   152 | D:1      | Reached skill level 3 in Axes
   304 | D:1      | Reached XP level 3. HP: 33/33 MP: 3/3
  1445 | D:2      | Reached XP level 4. HP: 40/40 MP: 4/4
  1455 | D:2      | Reached skill level 4 in Axes
  2425 | D:3      | Reached XP level 5. HP: 41/47 MP: 5/5
  2697 | D:3      | Became a worshipper of Beogh the Brigand
  2964 | D:3      | Reached skill level 5 in Axes
  3385 | D:3      | Noticed Robin
  3399 | D:3      | Reached * piety under Beogh
  3414 | D:3      | Killed Robin
  3702 | D:4      | Noticed a phantom
  3716 | D:4      | Killed a phantom
  3717 | D:4      | Reached skill level 1 in Dodging
  3717 | D:4      | Reached XP level 6. HP: 46/53 MP: 6/6
  3783 | D:4      | Reached skill level 6 in Axes
  3912 | D:4      | Reached skill level 5 in Armour
  3919 | D:4      | Reached skill level 5 in Fighting
  3919 | D:4      | Reached XP level 7. HP: 22/61 MP: 7/7
  4049 | D:4      | Noticed Grinder
  4052 | D:4      | Paralysed by Grinder for 3 turns
  4070 | D:4      | Paralysed by Grinder for 6 turns
  4079 | D:4      | Killed Grinder
  4080 | D:4      | Reached skill level 7 in Axes
  4883 | D:4      | Found an opulent altar of Gozag.
  5075 | D:4      | Found a staircase to the Ecumenical Temple.
  5089 | Temple   | Entered the Ecumenical Temple
  5603 | D:5      | Entered Level 5 of the Dungeon
  5722 | D:5      | Reached skill level 8 in Axes
  5722 | D:5      | Reached XP level 8. HP: 32/69 MP: 8/8
  6278 | D:5      | Found Istrimou's Weapon Emporium.
  6296 | D:5      | Noticed Dowan
  6298 | D:5      | Noticed Duvessa
  6309 | D:5      | Killed Duvessa
  6311 | D:5      | Killed Dowan
  6311 | D:5      | Reached ** piety under Beogh
  6429 | D:5      | Reached skill level 9 in Axes
  6655 | D:5      | Found a burning altar of Makhleb.
  6655 | D:5      | Found a shimmering blue altar of Sif Muna.
  6697 | D:6      | Reached skill level 5 in Shields
  6705 | D:6      | You fall into a shaft and drop 1 floor!
  7139 | D:7      | Reached skill level 10 in Axes
  7139 | D:7      | Reached XP level 9. HP: 78/78 MP: 9/9
  7165 | D:7      | Found a shimmering altar of Xom.
  7350 | D:7      | Found an iron altar of Okawaru.
  7551 | D:6      | Noticed Blork the orc
  7557 | D:6      | Killed Blork the orc
  8090 | D:6      | Noticed Menkaure
  8110 | D:6      | Killed Menkaure
  8111 | D:6      | Reached skill level 11 in Axes
  8782 | D:8      | Found a sacrificial altar of Ru.
  8945 | D:8      | Noticed a two-headed ogre
  9329 | D:7      | Slain by a two-headed ogre

Illustrated notes

Levels and vault maps discovered:
D:1:      evilmike_arrival_rings, layout_rooms, corexii_leaking_fountain,
          minmay_misc_feat_rugged, hangedman_decor_growths
D:2:      layout_basic
D:3:      layout_basic, kennysheep_generic_room_14, uniq_robin
D:4:      layout_layer_cave, minmay_temple_entry_statues_fountains,
          grunt_gozag_statues, uniq_grinder
D:5:      layout_basic, gammafunk_temple_overflow_wave, serial_shops, shop,
          kennysheep_generic_room_12, uniq_duvessa
D:6:      layout_basic, minmay_puff, uniq_menkaure, uniq_blork_the_orc
D:7:      layout_rooms, okawaru_trees_1, general_overflow_altar
D:8:      layout_gridville, nicolae_ru_awakened_eye, lemuel_doored_altar,
          serial_shops, shop
Temple:   regret_index_temple_sphere_string

Skill      XL: |  1  2  3  4  5  6  7  8  9 |
---------------+----------------------------+-----
Fighting       | 4 5 6 7 |  7.2
Axes           | 3 4 5 6 8 10 11 | 11.1
Armour         | 4 5 6 8 |  8.3
Shields        | 4 5 |  5.6
Dodging        | 1 2 |  2.0
Stealth        | |  0.2

Action                   |  1- 3 |  4- 6 |  7- 9 || total
-------------------------+-------+-------+-------++-------
Melee: War axe           |    93 |   156 |   239 ||   488
Invok: Convert to Beogh  |       |     1 |       ||     1
  Use: Scroll            |     5 |       |     9 ||    14
       Potion            |       |       |     7 ||     7
Armor: Scale mail        |    50 |    21 |       ||    71
       Chain mail        |       |    64 |    42 ||   106
       Plate armour      |       |       |    81 ||    81
Dodge: Dodged            |    25 |    44 |    41 ||   110
Block: Kite shield       |    54 |    72 |   124 ||   250
       Reflection        |       |       |     2 ||     2

Table legend: (Time is in decaauts)
 A = Elapsed time spent in this place.
 B = Non-inter-level travel time spent in this place.
 C = Inter-level travel time spent in this place.
 D = Time resting spent in this place.
 E = Time spent auto-exploring this place.
 F = Levels seen in this place.
 G = Mean time per level.
                   A        B        C        D        E       F      G
               +--------+--------+--------+--------+--------+-----+--------+
         Total |   9509 |   9300 |    209 |   2560 |   5056 |   9 | 1056.6 |
       Dungeon |   9328 |   9147 |    181 |   2560 |   4903 |   8 | 1166.0 |
        Temple |    181 |    153 |     28 |      0 |    153 |   1 |  181.0 |
               +--------+--------+--------+--------+--------+-----+--------+

Top non-repeatable levels by time:
     D:3: 1880 daAuts
     D:4: 1745 daAuts
     D:6: 1223 daAuts
     D:7: 1139 daAuts
     D:5: 1101 daAuts
     D:2: 1040 daAuts
     D:1: 891 daAuts
     D:8: 305 daAuts
  Temple: 181 daAuts
